 Dungeon Crawl Stone Soup version 0.20.1-1-g8b1a95d (webtiles) character file.

506 Timinator the Insei (level 6, -1/50 HPs)
             Began as a Draconian Transmuter on Nov 1, 2017.
             Was an Initiate of Okawaru.
             Slain by a gnoll
             ... wielding a +1 spear of flaming
              (4 damage)
             ... on level 4 of the Dungeon.
             The game lasted 00:10:06 (5612 turns).

Timinator the Insei (Draconian Transmuter)          Turns: 5612, Time: 00:10:06

Health: -1/50      AC:  7    Str: 12    XL:     6   Next: 97%
Magic:  10/10      EV: 13    Int: 14    God:    Okawaru [......]
Gold:   179        SH:  0    Dex: 13    Spells: 1/11 levels left

rFire    + . .     SeeInvis .     - Unarmed
rCold    . . .     Gourm    .   (no shield)
rNeg     . . .     Faith    .   (armour unavailable)
rPois    .         Spirit   .   (helmet restricted)
rElec    .         Reflect  .   i - +0 cloak
rCorr    .         Harm     .   (no gloves)
MR       .....                  (no boots)
Stlth    +.........             (no amulet)
Regen    0.2/turn               (no ring)
MPRegen  0.2/turn               (no ring)

@: appendage (expiring), very slightly contaminated, invisible
A: unfitting armour, horns 2, fire resistance 1, wild magic 1, cold-blooded, AC
+6
a: End Transformation, Renounce Religion


You were on level 4 of the Dungeon.
You worshipped Okawaru.
Okawaru was noncommittal.
You were not hungry.
You had grown temporary horns.
You visited 2 branches of the dungeon, and saw 6 of its levels.

You collected 179 gold pieces.

Inventory:

Missiles
 a - 16 arrows
Armour
 i - a +0 cloak (worn)
Jewellery
 l - an uncursed amulet of rage {unknown}
 r - an uncursed ring of wizardry {unknown}
 u - an uncursed ring of see invisible {unknown}
 x - a +2 ring of strength {unknown}
Wands
 t - a wand of random effects (29/48)
Scrolls
 e - 5 scrolls of remove curse {unknown}
 f - a scroll of immolation {unknown}
 h - 5 scrolls of identify
 m - a scroll of fear {unknown}
 p - a scroll of recharging {unknown}
 s - a scroll of random uselessness {unknown}
Potions
 d - a potion of agility
 j - a potion of mutation
 q - a potion of lignification {unknown}
 v - 2 potions of ambrosia {unknown}
 w - a potion of flight {unknown}
Books
 b - a book of Changes

   Spells                             Type                      Level
   a - Beastly Appendage              Transmutation                1
   b - Sticks to Snakes               Transmutation                2
   c - Spider Form                    Transmutation/Poison         3
   d - Ice Form                       Ice/Transmutation            4
   e - Blade Hands                    Transmutation                5
 n - a book of Power

   Spells                             Type                      Level
   a - Iskenderun's Battlesphere      Conjuration/Charms           5
   b - Venom Bolt                     Conjuration/Poison           5
   c - Bolt of Magma                  Conjuration/Fire/Earth       5
   d - Iron Shot                      Conjuration/Earth            6
   e - Orb of Destruction             Conjuration                  7
   f - Spellforged Servitor           Conjuration/Summoning        7
Comestibles
 c - 3 bread rations
 o - 2 meat rations


   Skills:
 + Level 2.9 Fighting
 + Level 2.9 Dodging
 * Level 5.2 Unarmed Combat
 + Level 3.0 Spellcasting
 * Level 4.3 Transmutations


You had one spell level left.
You knew the following spells:

 Your Spells              Type           Power        Failure   Level  Hunger
a - Beastly Appendage     Tmut           ###...       6%          1    #......
b - Sticks to Snakes      Tmut           ###.....     9%          2    ##.....
c - Spider Form           Tmut/Pois      ##........   34%         3    ###....
d - Ice Form              Ice/Tmut       ##......     73%         4    #####..


Dungeon Overview and Level Annotations

Branches:
Dungeon (5/15)             Temple (1/1) D:4

Altars:
Ashenzari
Cheibriados
Dithmenos
Fedhas
Gozag
Hepliaklqana
Kikubaaqudgha
Makhleb
Nemelex Xobeh
Okawaru
Qazlal
Sif Muna
Trog
Uskayaw
Xom
Yredelemnul
Zin
The Shining One


Innate Abilities, Weirdness & Mutations

Your plain brown scales are hard. (AC +6)
You cannot fit into any form of body armour.
You are cold-blooded and may be slowed by cold attacks.
You have a pair of horns on your head.
Your flesh is heat resistant. (rF+)
Your spells are a little harder to cast, but a little more powerful.


Message History

Something burns you.
* * * LOW HITPOINT WARNING * * *
Unknown command.
Okay, then.
As you read the scroll labeled BADESY KUOTEU, it crumbles to dust.
It is a scroll of identify.
g - a potion of invisibility Something barely misses you.
You fade into invisibility!
Something hits you.
* * * LOW HITPOINT WARNING * * *
Something burns you.
* * * LOW HITPOINT WARNING * * *
Unknown command.
It was a potion of mutation.
You feel extremely strange.
You feel resistant to heat.
You feel less in control of your magic. Something hits you.
* * * LOW HITPOINT WARNING * * *
It was a potion of magic.
Magic courses through your body. Something hits you.
You die...

### ######## ..#####
#####......## ......##
#.#.......†.### .......#
#.<.......)...#
.......########..........<..#
................@....[...#..##
.....#####........#....(#....####
....## ##....#.....####...##..##.
...## #......###...#g>..####....
#### #.......###.....### ##... #
#........###..##### ###.
##.......# #..##..### ##
#.......# #.#......## # ##....###
#.##......##


There were no monsters in sight!

Vanquished Creatures
  A phantom (D:4)
  A bullfrog skeleton (D:4)
  2 hounds (D:4)
  2 centaur skeletons (D:4)
  An orc priest (D:3)
  5 gnolls
  9 adders
  3 worms
  A dart slug (D:3)
  5 leopard geckos
  10 orcs
  3 ball pythons
  2 bats (D:2)
  4 giant cockroaches
  4 goblins
  3 hobgoblins
  7 jackals
  11 kobolds
  2 quokkas
  9 frilled lizards
  30 rats
115 creatures vanquished.

Vanquished Creatures (collateral kills)
  An adder skeleton (D:4)
  A rat (D:2)
2 creatures vanquished.

Grand Total: 117 creatures vanquished

Notes
Turn   | Place    | Note
-------+----------+-------------------------------------------
     0 | D:1      | Timinator the Draconian Transmuter began the quest for the Orb.
     0 | D:1      | Reached XP level 1. HP: 16/16 MP: 3/3
   363 | D:1      | Reached XP level 2. HP: 22/23 MP: 5/5
   707 | D:1      | Learned a level 2 spell: Sticks to Snakes
  1089 | D:2      | Reached XP level 3. HP: 28/28 MP: 3/6
  1960 | D:2      | Reached XP level 4. HP: 36/36 MP: 7/7
  2091 | D:2      | Reached skill level 4 in Unarmed Combat
  2781 | D:3      | Learned a level 3 spell: Spider Form
  3006 | D:3      | Reached XP level 5. HP: 35/41 MP: 2/8
  3316 | D:3      | Found a shattered altar of Ashenzari.
  3442 | D:3      | Found a sparkling altar of Nemelex Xobeh.
  3840 | D:4      | Found an opulent altar of Gozag.
  3840 | D:4      | Found a shimmering altar of Xom.
  4398 | D:4      | Reached XP level 6. HP: 46/50 MP: 8/10
  4642 | D:4      | Found a shadowy altar of Dithmenos.
  4663 | D:4      | Found a staircase to the Ecumenical Temple.
  4663 | D:4      | Found a snail-covered altar of Cheibriados.
  4663 | D:4      | Found a bloodstained altar of Trog.
  4664 | D:4      | Found a stormy altar of Qazlal.
  4664 | D:4      | Found an opulent altar of Gozag.
  4686 | Temple   | Entered the Ecumenical Temple
  4788 | Temple   | Became a worshipper of Warmaster Okawaru
  4969 | D:4      | Reached skill level 5 in Unarmed Combat
  5095 | D:4      | Learned a level 4 spell: Ice Form
  5125 | D:4      | Found a shimmering altar of Xom.
  5136 | D:4      | Found a basalt altar of Yredelemnul.
  5217 | D:4      | Found a basalt altar of Yredelemnul.
  5219 | D:4      | Found a shimmering altar of Xom.
  5222 | D:4      | Found a hide-covered altar of Uskayaw.
  5222 | D:4      | Found a blossoming altar of Fedhas.
  5222 | D:4      | Found a hazy altar of Hepliaklqana.
  5222 | D:4      | Found a snail-covered altar of Cheibriados.
  5279 | D:5      | Entered Level 5 of the Dungeon
  5313 | D:5      | Found a glowing golden altar of the Shining One.
  5611 | D:4      | Gained mutation: Your flesh is heat resistant. (rF+) [potion of mutation]
  5611 | D:4      | Gained mutation: Your spells are a little harder to cast, but a little more powerful. [potion of mutation]
  5612 | D:4      | Slain by a gnoll

Skill      XL: |  1  2  3  4  5  6 |
---------------+-------------------+-----
Dodging        | 2 |  2.9
Unarmed Combat | 4 5 |  5.2
Transmutations | 3 4 |  4.3
Fighting       | 2 |  2.9
Spellcasting   | 3 |  3.0

Action                   |  1- 3 |  4- 6 || total
-------------------------+-------+-------++-------
Melee: Unarmed           |   118 |   325 ||   443
       Tailslap          |    10 |    30 ||    40
       Headbutt          |     3 |    14 ||    17
       Kick              |     2 |    13 ||    15
       Punch             |     1 |     4 ||     5
 Cast: Beastly Appendage |    11 |    12 ||    23
       Sticks to Snakes  |     5 |     8 ||    13
       Spider Form       |       |     1 ||     1
Evoke: Wand              |       |     3 ||     3
  Use: Potion            |       |     5 ||     5
       Scroll            |       |     1 ||     1
 Stab: Sleeping          |       |     2 ||     2
       Paralysed         |       |     5 ||     5
  Eat: Chunk             |     1 |     4 ||     5
       Bread ration      |     1 |       ||     1
       Meat ration       |       |     1 ||     1
       Royal jelly       |       |     1 ||     1
Armor: Skin              |    32 |    84 ||   116
Dodge: Dodged            |   101 |   268 ||   369
